 Dungeon Crawl Stone Soup version 0.24.0-2-g5b39cebb1c (webtiles) character file.

Game seed: 3031530814139031351, levelgen mode: deterministic

5963 DavidChitty2 the Destroyer (level 10, -11/88 HPs)
             Began as a Yellow Draconian Conjurer on Oct 31, 2019.
             Was a Believer of Vehumet.
             Killed from afar by Erica (18 damage)
             ... with an orb of energy
             ... on level 9 of the Dungeon.
             The game lasted 00:31:02 (14660 turns).

DavidChitty2 the Destroyer (DrCj)                  Turns: 14660, Time: 00:31:02

Health: -11/88     AC: 11    Str: 11    XL:     10   Next: 54%
Magic:  1/20       EV: 13    Int: 18    God:    Vehumet [**....]
Gold:   374        SH:  4    Dex: 12    Spells: 7/22 levels left

rFire    . . .     SeeInvis .   b - staff of wizardry {!a}
rCold    . . .     Gourm    .   (no shield)
rNeg     . . .     Faith    .   (armour unavailable)
rPois    +         Spirit   .   (helmet restricted)
rElec    .         Reflect  +   i - +1 cloak {+Inv}
rCorr    +         Harm     .   g - +0 pair of gloves
MR       .....                  A - +0 pair of boots
Stlth    ++........             w - +4 amulet of reflection
HPRegen  0.24/turn              B - ring of wizardry
MPRegen  0.17/turn              y - ring of poison resistance

@: slowed, very slow
A: spit acid, unfitting armour, cold-blooded, acid resistance, AC +7
a: Breathe Acid, Renounce Religion, Evoke Invisibility


You were on level 9 of the Dungeon.
You worshipped Vehumet.
Vehumet was pleased with you.
You were hungry.

You visited 1 branch of the dungeon, and saw 9 of its levels.

You collected 439 gold pieces.
You spent 65 gold pieces at shops.

Inventory:

Hand Weapons
 a - a +1 hunting sling
   (You took it off a goblin on level 2 of the Dungeon)
 F - a +1 short sword of freezing
   (You took it off a kobold on level 3 of the Dungeon)
Missiles
 d - 19 sling bullets
 f - 343 stones
 m - 27 poisoned darts (quivered)
 v - a throwing net {!f}
Armour
 g - a +0 pair of gloves (worn)
   (You found it on level 4 of the Dungeon)
 i - a +1 cloak of invisibility (worn)
   (You took it off Crazy Yiuf on level 4 of the Dungeon)
 A - a +0 pair of boots (worn)
   (You found it on level 8 of the Dungeon)
Magical Staves
 b - an uncursed staff of wizardry (weapon) {!a}
   (You found it on level 9 of the Dungeon)
Jewellery
 w - a +4 amulet of reflection (around neck)
   (You found it on level 6 of the Dungeon)
 y - a ring of poison resistance (right hand)
   (You found it on level 6 of the Dungeon)
 B - a ring of wizardry (left hand)
   (You found it on level 8 of the Dungeon)
 C - an uncursed ring of positive energy
   (You found it on level 9 of the Dungeon)
 D - an uncursed amulet of rage {unknown}
   (You found it on level 8 of the Dungeon)
Wands
 c - a wand of disintegration (9)
   (You found it on level 6 of the Dungeon)
 t - a wand of flame (7)
   (You took it off a kobold on level 5 of the Dungeon)
 u - a wand of paralysis (5)
   (You found it on level 5 of the Dungeon)
 x - a wand of acid (9)
   (You found it on level 6 of the Dungeon)
Scrolls
 h - a scroll of enchant weapon
 q - 5 scrolls of remove curse {@r2}
 E - a scroll of identify {@r1}
Potions
 j - 2 potions of brilliance
 k - 3 potions of mutation {!q}
 n - 2 potions of haste {unknown}
 o - 3 potions of curing {@q1}
 p - a potion of cancellation {unknown}
 r - a potion of flight
 s - a potion of agility {unknown}
 z - 2 potions of heal wounds {@q2}
Comestibles
 e - 19 rations {!d}


   Skills:
 + Level 7.8 Fighting
 + Level 3.5 Dodging
 - Level 1.7 Stealth
 + Level 6.9 Spellcasting
 - Level 11.0 Conjurations
 + Level 0.6 Charms
 + Level 0.9 Necromancy
 * Level 1.4 Air Magic
 - Level 5.0 Evocations


You had 7 spell levels left.
You knew the following spells:

 Your Spells              Type           Power        Failure   Level  Hunger
a - Magic Dart            Conj           ####         1%          1    None
b - Lightning Bolt        Conj/Air       ####......   7%          5    #####..
e - Regeneration          Chrm/Necr      #.........   7%          3    ##.....
s - Searing Ray           Conj           #####.       1%          2    None
x - Iskenderun's Mystic   Conj           #####...     1%          4    ####...

Your spell library contained the following spells:

 Spells                   Type           Power        Failure   Level  Hunger
 Sandblast                Erth           #.....       3%          1    None
 Shock                    Conj/Air       ####         1%          1    None
 Dazzling Spray           Conj/Hex       ####..       1%          3    ##.....
 Static Discharge         Conj/Air       ####....     1%          3    ##.....
 Animate Skeleton         Necr           N/A          2%          1    None
 Pain                     Necr           #...         2%          1    None
 Confusing Touch          Hex            #.....       3%          1    None
 Swiftness                Chrm/Air       #.......     3%          2    None
 Force Lance              Conj/Tloc      ####....     3%          4    ####...
 Fulminant Prism          Conj/Hex       ####......   3%          4    ####...
 Vampiric Draining        Necr           #.........   6%          3    ##.....
 Confuse                  Hex            #.......     9%          3    ##.....
 Gell's Gravitas          Tloc           #.........   9%          3    ##.....
 Airstrike                Air            ##........   16%         4    ####...
 Animate Dead             Necr           N/A          19%         4    ####...
 Petrify                  Tmut/Erth      #.......     28%         4    ####...
 Metabolic Englaciation   Hex/Ice        #.........   58%         5    #####..
 Yara's Violent Unravell  Hex/Tmut       #.........   58%         5    #####..


Dungeon Overview and Level Annotations

Branches:
Dungeon (9/15)             Temple (0/1) D:7
   Lair: D:8-11         Orc: D:9-12

Altars:
Ashenzari
Dithmenos
Elyvilon
Kikubaaqudgha
Okawaru
Ru
Sif Muna
Uskayaw
Vehumet
Yredelemnul

Shops:
D:7 *?!?

Annotations:
D:9 Erica


Innate Abilities, Weirdness & Mutations

You can spit globs of acid.
Your golden yellow scales are hard. (AC +7)
You cannot fit into any form of body armour.
You are cold-blooded and may be slowed by cold attacks.
You are resistant to acid. (rCorr)


Message History

Something barely misses you.
a - a +1 hunting sling (weapon)
You hear some strange, mumbled words.
You are confused.
b - an uncursed staff of wizardry (weapon)
{!a} Quiver which item? (- for none, * to show all) (? for menu, Esc to quit)
Quivering
m - 33 poisoned darts for throwing.
Throwing (i - inventory. (/) - cycle)
m - 33 poisoned darts (quivered)
You throw a poisoned dart. Something hits you.
* * * LOW HITPOINT WARNING * * *
Something burns you.
* * * LOW HITPOINT WARNING * * *
Something hits you but does no damage.
Throwing (i - inventory. (/) - cycle)
m - 32 poisoned darts (quivered)
You throw a poisoned dart. Something hits you but does no damage.
Throwing (i - inventory. (/) - cycle)
m - 31 poisoned darts (quivered)
You throw a poisoned dart.
You hear some strange, mumbled words.
You are more confused.
Throwing (i - inventory. (/) - cycle)
m - 30 poisoned darts (quivered)
You throw a poisoned dart. Something hits you!
* * * LOW HITPOINT WARNING * * *
Something burns you.
* * * LOW HITPOINT WARNING * * *
Something hits you.
* * * LOW HITPOINT WARNING * * *
Something burns you.
* * * LOW HITPOINT WARNING * * *
Throwing (i - inventory. (/) - cycle)
m - 29 poisoned darts (quivered)
You throw a poisoned dart. Something hits you but does no damage.
Throwing (i - inventory. (/) - cycle)
m - 28 poisoned darts (quivered)
You throw a poisoned dart. Something hits you!
* * * LOW HITPOINT WARNING * * *
Something burns you.
* * * LOW HITPOINT WARNING * * *
You feel less confused. Something hits you but does no damage.
The magic dart hits something but does no damage.
You hear some strange, mumbled words.
You feel as though you will be slow longer.
The magic dart hits something.
You hear some strange, mumbled words.
An orb of energy appears from out of thin air!
The orb of energy hits you!!
You die...

#..##......##....F.........
##...((...................(
##....(....<.....#..####.. ##
#.#....##...........####( .#
#.#....##.#.##.......###.
.########.#....#..#.####.###.....
.......#..#....#.#..# #.#.....#.
.........####.##...## #.........
.####........((.@.[.####.........
## #......(.(........##...(.....
#.#.#####..............(.....
#...# #.....................
##### #(....................
#.....................
#.....................
#......(...####.....#>
##........## ########


There were no monsters in sight!

Vanquished Creatures
  2 two-headed ogres (D:8)
  2 hippogriffs
  4 yaks
  3 hogs (D:8)
  A human (D:8)
  A black bear (D:6)
  3 sky beasts
  2 ogres
  2 centaurs
  2 phantoms
  A big kobold (D:9)
  A crocodile (D:8)
  8 bullfrogs
  A scorpion (D:8)
  5 killer bees
  5 howler monkeys
  6 crimson imps
  A centaur zombie (D:9)
  An orc priest (D:7)
  A centaur skeleton (D:9)
  4 hounds
  2 quasits
  Crazy Yiuf (D:4)
  A jelly (D:6)
  8 orc wizards
  An iguana (D:5)
  8 worker ants
  A hound skeleton (D:8)
  Robin (D:4)
  8 gnolls (D:7)
  5 adders
  2 oozes
  An adder skeleton (D:9)
  A worm (D:3)
  3 dart slugs
  7 leopard geckos
  21 orcs
  8 giant cockroaches
  20 goblins
  15 hobgoblins
  17 jackals
  17 kobolds
  9 quokkas
  11 bats
  2 frilled lizards
  2 quokka skeletons
  7 rats
  3 fungi (D:4)
238 creatures vanquished.

Notes
Turn   | Place    | Note
-------+----------+-------------------------------------------
     0 | D:1      | DavidChitty2 the Draconian Conjurer began the quest for the
                  | Orb.
     0 | D:1      | Reached XP level 1. HP: 14/14 MP: 3/3
   263 | D:1      | Reached XP level 2. HP: 17/22 MP: 0/5
   270 | D:1      | Learned a level 2 spell: Searing Ray
   620 | D:1      | Reached skill level 1 in Fighting
   940 | D:1      | Reached XP level 3. HP: 28/28 MP: 1/6
  2539 | D:3      | Reached XP level 4. HP: 36/36 MP: 2/7
  2540 | D:3      | Reached skill level 5 in Conjurations
  2659 | D:3      | Learned a level 4 spell: Iskenderun's Mystic Blast
  2862 | D:3      | Found an ancient bone altar of Kikubaaqudgha.
  3403 | D:3      | Reached XP level 5. HP: 41/41 MP: 2/9
  4706 | D:4      | Noticed Robin
  4731 | D:4      | Killed Robin
  5233 | D:4      | Found an iron altar of Okawaru.
  5286 | D:4      | Reached XP level 6. HP: 27/50 MP: 0/11
  5495 | D:4      | Reached skill level 6 in Conjurations
  5678 | D:4      | Found a white marble altar of Elyvilon.
  6348 | D:4      | Found a runed translucent door.
  6349 | D:4      | Noticed Crazy Yiuf
  6373 | D:4      | Killed Crazy Yiuf
  6633 | D:5      | Entered Level 5 of the Dungeon
  6788 | D:5      | Noticed a +0 dagger
  6788 | D:5      | Noticed a +0 dagger
  6789 | D:5      | Found a hide-covered altar of Uskayaw.
  6866 | D:5      | Your scales start taking on a golden yellow colour.
  6866 | D:5      | Reached XP level 7. HP: 41/58 MP: 5/12
  6866 | D:5      | Gained mutation: You are resistant to acid. (rCorr) [Yellow
                  | Draconian growth]
  7000 | D:5      | Reached skill level 7 in Conjurations
  7186 | D:5      | Found a radiant altar of Vehumet.
  7211 | D:5      | Became a worshipper of Vehumet
  7220 | D:5      | Found a shattered altar of Ashenzari.
  7830 | D:5      | Found a basalt altar of Yredelemnul.
  8241 | D:6      | Reached skill level 1 in Evocations
  8345 | D:6      | Reached XP level 8. HP: 67/67 MP: 6/14
  9114 | D:7      | Reached skill level 8 in Conjurations
  9122 | D:7      | Reached skill level 5 in Fighting
  9147 | D:6      | HP: 2/68 [yak (11)]
  9473 | D:7      | Reached * piety under Vehumet
  9473 | D:7      | Offered knowledge of Freeze by Vehumet.
  9482 | D:6      | Reached skill level 5 in Spellcasting
  9608 | D:7      | Found Wuidep's Magic Scroll Emporium.
  9955 | D:7      | Found a sacrificial altar of Ru.
 10203 | D:7      | Found Wyecrum's Assorted Antiques.
 10418 | D:7      | Reached XP level 9. HP: 74/74 MP: 12/16
 10575 | D:7      | Found a staircase to the Ecumenical Temple.
 10776 | D:7      | Reached skill level 5 in Evocations
 10944 | D:7      | Found a shimmering blue altar of Sif Muna.
 10946 | D:7      | Found Idiywur's Distillery.
 10946 | D:7      | Found a sacrificial altar of Ru.
 10952 | D:7      | Bought a potion of heal wounds for 65 gold pieces
 11269 | D:7      | Reached skill level 9 in Conjurations
 11528 | D:7      | Found Kosiofiz's Magic Scroll Shop.
 11661 | D:8      | Noticed a two-headed ogre
 11669 | D:8      | Killed a two-headed ogre
 11674 | D:8      | Reached skill level 10 in Conjurations
 11967 | D:8      | Noticed a two-headed ogre
 11974 | D:8      | Killed a two-headed ogre
 11974 | D:8      | Reached ** piety under Vehumet
 11974 | D:8      | Offered knowledge of Sandblast by Vehumet.
 11974 | D:8      | Reached XP level 10. HP: 71/86 MP: 0/19
 13552 | D:9      | Learned a level 5 spell: Lightning Bolt
 13556 | D:9      | Learned a level 3 spell: Regeneration
 13580 | D:9      | Found a shadowy altar of Dithmenos.
 13826 | D:9      | Noticed Erica
 13838 | D:9      | Identified the ring of Beauty {rF++ MP+9 EV+1 Str+3 Stlth+}
 13839 | D:9      | Reached skill level 1 in Air Magic
 13853 | D:9      | Reached skill level 11 in Conjurations
 14660 | D:9      | Killed from afar by Erica

Levels and vault maps discovered:
D:1:      wheals_arrival_linesprint, layout_loops_corners
D:2:      layout_basic, minmay_goblin_kobold_house
D:3:      layout_loops_ring, lemuel_round_altar, minmay_crystal_water
D:4:      layout_basic, okawaru_gym_becter, elyvilon_altar_4,
          hangedman_abyss_or_decor_slice, uniq_crazy_yiuf_cottage, uniq_robin
D:5:      layout_basic, kennysheep_little_box, dancing_weapons_uskayaw,
          vehumet_altar_wand_db, nicolae_ashenzari_panopticon, first_ration
D:6:      layout_loops_cross
D:7:      layout_cave_pods, nicolae_overflow_hidden_temple,
          minmay_temple_entry_glassed_door, serial_shops, shop, shop, shop,
          shop_fountains, nicolae_ru_awakened_eye
D:8:      layout_basic, grunt_livestock
D:9:      layout_rooms, old_standard_altar, uniq_erica

Skill      XL: |  1  2  3  4  5  6  7  8  9 10 |
---------------+-------------------------------+-----
Fighting       | 1 2 3 4 5 7 |  7.8
Conjurations   | 5 6 7 8 10 11 | 11.0
Spellcasting   | 3 4 5 6 |  6.9
Evocations     | 1 4 5 |  5.0
Dodging        | 2 3 |  3.5
Air Magic      | 1 |  1.4
Stealth        | |  1.7
Charms         | |  0.6
Necromancy     | |  0.9

Action                   |  1- 3 |  4- 6 |  7- 9 | 10-12 || total
-------------------------+-------+-------+-------+-------++-------
Melee: Short sword       |    14 |    51 |       |     1 ||    66
       Unarmed           |     1 |       |       |       ||     1
       Tailslap          |       |     8 |       |       ||     8
 Fire: Hunting sling     |     4 |    53 |    14 |    37 ||   108
Throw: Stone             |     1 |       |       |       ||     1
       Dart              |       |       |       |     6 ||     6
 Cast: Magic Dart        |    86 |   144 |   261 |   168 ||   659
       Searing Ray       |     5 |     7 |     8 |     7 ||    27
       Iskenderun's Myst |       |     3 |     4 |     4 ||    11
       Lightning Bolt    |       |       |       |    11 ||    11
 Abil: Breathe Acid      |       |       |     7 |     2 ||     9
  Use: Scroll            |       |     8 |     7 |     2 ||    17
       Potion            |       |     2 |     1 |     2 ||     5
  Eat: Chunk             |     6 |    15 |    13 |     5 ||    39
       Ration            |       |       |     1 |     2 ||     3
Armor: Skin              |     5 |    43 |    40 |    51 ||   139
Dodge: Dodged            |    22 |    81 |    83 |    73 ||   259
Block: Other             |       |       |    10 |    19 ||    29
       Reflection        |       |       |       |     1 ||     1
